 Dungeon Crawl Stone Soup version 0.29-a0-1008-g949cc1d0fb (webtiles) character file.

Game seed: 17351681013469191050

23714 Klosterheim the Basher (level 12, -9/119 HPs)
             Began as a Troll Earth Elementalist on Aug 7, 2022.
             Was a Believer of Uskayaw.
             Mangled by a blink frog (16 damage)
             ... on level 4 of the Lair of Beasts.
             The game lasted 00:48:26 (13258 turns).

Klosterheim the Basher (Troll Earth Elementalist)  Turns: 13258, Time: 00:48:27

Health: -9/119     AC:  6    Str: 25    XL:     12   Next: 74%
Magic:  16/16      EV: 13    Int: 15    God:    Uskayaw [**....]
Gold:   700        SH:  0    Dex: 16    Spells: 15/15 levels left

rFire   . . .      SeeInvis .   g - +1 giant spiked club (drain)
rCold   . . .      Faith    .   (shield currently unavailable)
rNeg    + . .      Spirit   .   A - +2 robe {rN+}
rPois   .          Reflect  .   (helmet restricted)
rElec   .          Harm     .   (no cloak)
rCorr   .          Rampage  .   (gloves unavailable)
Will    .....                   (boots unavailable)
Stlth   ++........              y - amulet of the acrobat
HPRegen 1.09/turn               k - +6 ring of dexterity
MPRegen 0.15/turn               c - +6 ring of strength

@: no status effects
A: large, unfitting armour, claws 3, regeneration 1, shaggy fur 1, tough skin 1
a: Renounce Religion, Stomp, Line Pass


You were on level 4 of the Lair of Beasts.
You worshipped Uskayaw.
Uskayaw was noncommittal.
You visited 4 branches of the dungeon, and saw 15 of its levels.

You collected 700 gold pieces.

Inventory:

Hand Weapons
 d - a +2 dagger of venom
 g - a +1 giant spiked club of draining (weapon)
 m - a +0 morningstar of flaming
Missiles
 w - a throwing net
Armour
 u - the +5 robe "Suluud" {rElec Will- Dex+2}
   (You found it on level 3 of the Dungeon)

   Dex:       It affects your dexterity (+2).
   rElec:     It insulates you from electricity.
   Will:      It decreases your willpower.
 A - a +2 robe of positive energy (worn)
Jewellery
 c - a +6 ring of strength (right claw)
 k - a +6 ring of dexterity (left claw)
 v - a ring of positive energy
 y - an amulet of the acrobat (around neck)
Wands
 f - a wand of flame (6)
 n - a wand of digging (3)
 p - a wand of polymorph (7)
 x - a wand of charming (3)
Scrolls
 h - 2 scrolls of enchant armour
 i - 3 scrolls of magic mapping
 q - 4 scrolls of identify
 t - a scroll of poison
Potions
 a - 2 potions of resistance
 b - 4 potions of magic
 e - 2 potions of brilliance
 j - 2 potions of attraction
 o - a potion of lignification
 r - a potion of curing
 s - 2 potions of mutation
 z - 2 potions of might


   Skills:
 - Level 8.0 Fighting
 + Level 13.9 Maces & Flails
 + Level 7.3 Dodging
 - Level 1.0 Stealth
 - Level 2.0 Spellcasting
 - Level 1.0 Transmutations
 - Level 3.0 Earth Magic
 + Level 7.6 Invocations


You had 15 spell levels left.
You didn't know any spells.
Your spell library contained the following spells:

 Spells                   Type           Power      Damage    Failure   Level
 Sandblast                Erth           20%        2d7       6%          1
 Passwall                 Tmut/Erth      5%         N/A       14%         2
 Apportation              Tloc           2%         N/A       22%         1
 Necrotise                Necr           4%         1d4       22%         1
 Summon Small Mammal      Summ           4%         N/A       22%         1
 Stone Arrow              Conj/Erth      12%        3d7       34%         3
 Call Canine Familiar     Summ           1%         N/A       54%         3
 Dazzling Flash           Conj/Hex       2%         N/A       54%         3
 Portal Projectile        Hex/Tloc       2%         N/A       54%         3
 Tukima's Dance           Hex            1%         N/A       54%         3
 Petrify                  Tmut/Erth      7%         N/A       67%         4
 Animate Armour           Summ/Erth      12%        N/A       75%         4
 Leda's Liquefaction      Hex/Erth       3%         N/A       75%         4
 Ice Form                 Ice/Tmut       3%         N/A       87%         4
 Lee's Rapid Deconstruct  Erth           5%         3d7*      87%         5
 Fulminant Prism          Conj/Hex       0%         3d6       91%         4
 Hailstorm                Conj/Ice       1%         3d3       91%         4
 Iskenderun's Mystic Bla  Conj/Tloc      1%         2d3       91%         4
 Blade Hands              Tmut           2%         N/A       99%         5
 Iron Shot                Conj/Erth      3%         9d2       100%        6
 Simulacrum               Ice/Necr       0%         N/A       100%        6
 Starburst                Conj/Fire      0%         6d3       100%        6


Dungeon Overview and Level Annotations

Branches:
Dungeon (9/15)             Temple (1/1) D:6            Lair (4/5) D:8
  Swamp (1/4) Lair:3       Spider (0/4) Lair:2
  Slime: Lair:4-5       Orc: D:9-12

Altars:
Ashenzari
Cheibriados
Dithmenos
Elyvilon
Fedhas
Gozag
Hepliaklqana
Kikubaaqudgha
Makhleb
Nemelex Xobeh
Okawaru
Qazlal
Ru
Sif Muna
Trog
Uskayaw
Vehumet
Wu Jian
Xom
Yredelemnul
Zin
The Shining One

Shops:
D:2 *   D:6 (

Annotations:
D:5 exclusion: oklob plant
D:9 Erolcha


Innate Abilities, Weirdness & Mutations

You are too large for most types of armour.
You have claws for hands.
Your natural rate of healing is unusually fast.
You are covered in fur. (AC +1)
You have tough skin. (AC +1)


Message History

The blink frog barely misses you. The blink frog completely misses you.
You barely miss the blink frog. The blink frog hits you!
The blink frog blinks!
The blink frog hits you but does no damage.
The blink frog blinks!
The blink frog barely misses you.
You closely miss the blink frog. The blink frog misses you.
The blink frog blinks!
You miss the blink frog. The blink frog barely misses you.
The blink frog blinks!
The blink frog misses you.
You miss the blink frog. The blink frog hits you!
The blink frog blinks! x3
You sock the blink frog! You drain the blink frog.
The blink frog is almost dead.
The blink frog hits you! The blink frog barely misses you.
You miss the blink frog.
The blink frog is almost dead.
The blink frog hits you!
The blink frog blinks!
You stick the blink frog like a pincushion!!!
You kill the blink frog!
The blink frog closely misses you.
The blink frog blinks!
You can now pass through a line of other dancers.
You sock the blink frog!
The blink frog is heavily wounded.
The blink frog hits you! The blink frog closely misses you.
You miss the blink frog.
The blink frog is heavily wounded.
The blink frog blinks!
The blink frog hits you!
The blink frog blinks!
The blink frog hits you!
* * * LOW HITPOINT WARNING * * *
The blink frog hits you but does no damage.
You miss the blink frog.
The blink frog is heavily wounded.
The blink frog blinks!
The blink frog hits you!
* * * LOW HITPOINT WARNING * * *
The blink frog hits you.
* * * LOW HITPOINT WARNING * * *
As you read the scroll of butterflies, it crumbles to dust.
You hear the tinkle of a tiny bell.
The blink frog misses you.
The blink frog blinks!
The blink frog hits you!
* * * LOW HITPOINT WARNING * * *
The blink frog hits you!
You die...

.......#....##. ...
#........ . .##....#.# ..
#..... +....... ...
#....###.....## ....
####.....####.###.
.....####.##...>#########.
§...F..bb.bb.....##.###..#
......†bF@Fb..............
....§..b.bbb..............
.......b..b.§.............
...#..##.P$P#.............
.. ### #.####..F.###.#..##
. #.. #.....######### P+#
#......##P### # ..
#.#..........# #.
###.....#.....#


You could see 4 blink frogs.

Vanquished Creatures
  A boulder beetle (Lair:4)
  A hydra (Lair:3)
  A catoblepas (Lair:2)
  4 death yaks
  Pikel (D:6)
  5 black mambas
  Maggie (D:8)
  10 cane toads
  3 rime drakes
  5 komodo dragons
  A polar bear (Lair:1)
  A tarantella (Lair:2)
  6 blink frogs
  4 wyverns
  29 yaks
  2 basilisks
  3 wargs (D:8)
  4 steam dragons
  The ghost of Shym the Digger, an amateur GrEE (D:3)
  9 water moccasins
  2 ice beasts
  2 orc warriors (D:8)
  2 ogres
  2 black bears
  2 centaurs
  12 wolves
  A phantom (D:5)
  3 kobold brigands
  6 bullfrogs
  2 scorpions
  2 necrophages
  4 wights (D:8)
  4 electric eels (Lair:2)
  3 hounds
  A jelly (D:6)
  7 orc priests
  5 iguanas
  6 orc wizards
  4 gnolls (D:6)
  17 adders
  5 white imps
  3 worms
  6 dart slugs
  28 orcs
  3 ball pythons
  6 bats
  5 endoplasms
  2 giant cockroaches (D:3)
  9 goblins
  11 hobgoblins
  4 jackals
  6 kobolds
  5 quokkas
  5 frilled lizards
  2 rats
279 creatures vanquished.

Vanquished Creatures (others)
  17 fungi
  49 plants
  9 toadstools (D:7)
75 creatures vanquished.

Grand Total: 354 creatures vanquished

Notes
Turn   | Place    | Note
-------+----------+-------------------------------------------
     0 | D:1      | Klosterheim the Troll Earth Elementalist began the quest
                  | for the Orb.
     0 | D:1      | Reached XP level 1. HP: 16/16 MP: 1/1
   176 | D:1      | Reached XP level 2. HP: 24/24 MP: 3/3
   195 | D:1      | Reached skill level 1 in Transmutations
   735 | D:2      | Found Daihie Desoc's Assorted Antiques.
   764 | D:2      | Reached XP level 3. HP: 31/31 MP: 4/4
  1068 | D:2      | Found a faded altar of an unknown god.
  1360 | D:3      | Noticed Shym's ghost (amateur GrEE)
  1362 | D:3      | Found a runed translucent gate.
  1363 | D:3      | Found a runed translucent gate.
  1363 | D:3      | Found a runed translucent gate.
  1415 | D:3      | Reached skill level 1 in Fighting
  1509 | D:3      | Reached XP level 4. HP: 41/41 MP: 6/6
  1600 | D:3      | Identified the +5 robe "Suluud" {rElec Will- Dex+2}
  2151 | D:4      | Noticed a water moccasin
  2249 | D:5      | Entered Level 5 of the Dungeon
  2380 | D:5      | Reached XP level 5. HP: 50/50 MP: 7/7
  2434 | D:5      | Noticed a phantom
  2449 | D:5      | Noticed an ice beast
  2455 | D:5      | Killed a phantom
  2470 | D:5      | Killed an ice beast
  2471 | D:5      | Reached skill level 1 in Maces & Flails
  2471 | D:5      | Reached XP level 6. HP: 62/62 MP: 8/8
  2618 | D:5      | Reached skill level 2 in Maces & Flails
  2790 | D:5      | Reached skill level 3 in Maces & Flails
  2806 | D:5      | Reached XP level 7. HP: 44/70 MP: 9/9
  2889 | D:6      | Reached skill level 4 in Maces & Flails
  3495 | D:5      | Found a blossoming altar of Fedhas.
  3510 | D:5      | Noticed an oklob plant
  3559 | D:5      | Reached skill level 5 in Maces & Flails
  4058 | D:6      | Found a staircase to the Ecumenical Temple.
  4155 | D:6      | Reached skill level 6 in Maces & Flails
  4188 | D:6      | Found Rumpaz's Antique Weapon Shoppe.
  4191 | D:6      | Noticed Pikel
  4209 | D:6      | Killed Pikel
  4210 | D:6      | Reached skill level 7 in Maces & Flails
  4210 | D:6      | Reached XP level 8. HP: 12/78 MP: 10/10
  4464 | D:6      | Reached skill level 8 in Maces & Flails
  4941 | Temple   | Entered the Ecumenical Temple
  5078 | Temple   | Became a worshipper of Uskayaw the Reveller
  5111 | D:7      | Noticed a hornet
  5141 | D:7      | Reached * piety under Uskayaw
  5401 | D:4      | Reached ** piety under Uskayaw
  5403 | D:4      | Reached *** piety under Uskayaw
  5407 | D:4      | Reached **** piety under Uskayaw
  5410 | D:4      | Reached skill level 9 in Maces & Flails
  5482 | D:4      | Reached XP level 9. HP: 56/84 MP: 11/11
  5919 | D:3      | Killed Shym's ghost
  6271 | D:8      | Identified the +3 scale mail "Ipinong" {rC+ Regen+ Dex+2}
  6284 | D:8      | Found a staircase to the Lair.
  6314 | D:8      | Reached skill level 10 in Maces & Flails
  6562 | D:9      | Noticed Maggie
  6695 | D:8      | Reached skill level 11 in Maces & Flails
  7214 | D:8      | Reached XP level 10. HP: 27/82 MP: 12/12
  7717 | D:8      | Killed Maggie
  7718 | D:8      | Reached skill level 1 in Invocations
  7796 | D:9      | Noticed Erolcha
  7864 | Lair:1   | Entered Level 1 of the Lair of Beasts
  7883 | Lair:1   | Reached skill level 12 in Maces & Flails
  8315 | Lair:1   | Noticed a cane toad
  8324 | Lair:1   | Killed a cane toad
  8325 | Lair:1   | Reached skill level 5 in Fighting
  8643 | Lair:1   | Noticed a cane toad
  8651 | Lair:1   | Killed a cane toad
  8787 | Lair:2   | Noticed a cane toad
  8857 | Lair:2   | Noticed a black mamba
  8859 | Lair:2   | Noticed a cane toad
  8874 | Lair:1   | Killed a black mamba
  8919 | Lair:2   | Killed a cane toad
  8972 | Lair:2   | Noticed a cane toad
  8983 | Lair:2   | Killed a cane toad
  9080 | Lair:2   | Killed a cane toad
  9090 | Lair:2   | Noticed a black mamba
  9127 | Lair:2   | Killed a black mamba
  9128 | Lair:2   | Reached XP level 11. HP: 96/104 MP: 13/13
  9136 | Lair:2   | Noticed a catoblepas
  9195 | Lair:2   | Reached ***** piety under Uskayaw
  9776 | Lair:2   | Found a hole to the Spider Nest.
  9951 | Lair:2   | HP: 3/105 [catoblepas/blast of calcifying dust (7)]
 10268 | Lair:3   | HP: 5/105 [komodo dragon (22)]
 10271 | Lair:3   | Reached skill level 5 in Dodging
 10476 | Lair:2   | Reached skill level 5 in Invocations
 10649 | Lair:2   | Killed a catoblepas
 10700 | Lair:2   | Reached skill level 13 in Maces & Flails
 11129 | Lair:3   | Noticed a four-headed hydra
 11129 | Lair:3   | Found a staircase to the Swamp.
 11149 | Lair:3   | Killed a four-headed hydra
 11716 | Lair:3   | Reached XP level 12. HP: 15/118 MP: 15/15
 12528 | Swamp:1  | Entered Level 1 of the Swamp
 12622 | Lair:4   | Noticed a death yak
 12624 | Lair:4   | Noticed a death yak
 12625 | Lair:4   | Noticed a death yak
 12651 | Lair:3   | Killed a death yak
 12679 | Lair:4   | Noticed a death yak
 12689 | Lair:3   | Killed a death yak
 12730 | Lair:3   | Killed a death yak
 12778 | Lair:4   | Killed a death yak
 12864 | Lair:4   | Noticed a boulder beetle
 12886 | Lair:4   | Killed a boulder beetle
 12990 | Lair:4   | Reached ****** piety under Uskayaw
 13258 | Lair:4   | Mangled by a blink frog

Illustrated notes

Levels and vault maps discovered:
D:1:      psy_arrival_dodecagon, layout_rooms, minmay_cut_off
D:2:      layout_basic, serial_shops, nicolae_shop_competitors_out_of_business,
          ebering_ecumenical_altar_hall, grunt_ministairs_9
D:3:      minmay_wonky_spiral, layout_loops_cross, gammafunk_ghost_split
D:4:      layout_gridville, minmay_misc_feat_tower
D:5:      layout_layer_cave, tgw_fedhas
D:6:      layout_loops_cross, minmay_temple_entry_ruins, serial_shops,
          nicolae_shop_overgrown_old_shop, uniq_pikel
D:7:      cheibrodos_fertilizer, layout_rooms, nicolae_alphabet_shops,
          kennysheep_cross_bottleneck
D:8:      layout_basic, erik_lair_orcish_takeover
D:9:      minmay_imperfect_grid, layout_cave_pools, hangedman_decor_lopped,
          kb_lookout_dungeons_type, uniq_amaemon, uniq_maggie, uniq_erolcha,
          uniq_psyche
Temple:   compressed_dpeg_triangle_lava_temple
Lair:1:   layout_layer_cave, minivault_24, st_stairs_13
Lair:2:   minmay_lair_venomous_thicket, layout_loops_ring,
          spider_nest_entry_rubble, serial_bayou, serial_bayou_pond_a,
          serial_bayou_lagoon_a, serial_bayou_pond_b, serial_bayou_lagoon_b,
          st_stairs_11, nicolae_lair_grove_arrangements
Lair:3:   layout_small_grid, swamp_mist, chequers_serial_rivers_micro_b
Lair:4:   layout_regular_city, grunt_megastairs_4
Swamp:1:  layout_basic_swamp, evilmike_swamp_ruin_rubble_1,
          nicolae_swamp_triple_paths, swamp_pool3

Skill      XL: |  1  2  3  4  5  6  7  8  9 10 11 12 |
---------------+-------------------------------------+-----
Transmutations | 1 |  1.0
Earth Magic    | 3 |  3.0
Dodging        | 2 4 6 7 |  7.3
Spellcasting   | 2 |  2.0
Fighting       | 1 2 4 5 7 8 |  8.0
Maces & Flails | 1 3 7 9 11 12 13 | 13.9
Invocations    | 4 6 7 |  7.6
Stealth        | |  1.0

Action                   |  1- 3 |  4- 6 |  7- 9 | 10-12 || total
-------------------------+-------+-------+-------+-------++-------
Melee: Dagger            |    98 |   135 |   151 |       ||   384
       Unarmed           |     6 |       |       |       ||     6
       Punch             |       |     3 |     5 |     3 ||    11
       Morningstar       |       |       |   191 |   208 ||   399
       Whip              |       |       |    70 |       ||    70
       Giant spiked club |       |       |       |   225 ||   225
Invok: Stomp             |       |       |     1 |     4 ||     5
       Line Pass         |       |       |       |     3 ||     3
Evoke: Wand              |       |       |       |     4 ||     4
  Use: Scroll            |       |     6 |    13 |     6 ||    25
       Potion            |       |     4 |     3 |     9 ||    16
 Stab: Sleeping          |     5 |     6 |     3 |     1 ||    15
       Paralysed         |       |       |     4 |    19 ||    23
       Confused          |       |       |       |     1 ||     1
       Petrified         |       |       |       |     2 ||     2
       Petrifying        |       |       |       |     1 ||     1
       Distracted        |       |       |       |     1 ||     1
Armor: Robe              |    38 |    57 |   179 |   130 ||   404
Dodge: Dodged            |    47 |    65 |   276 |   362 ||   750
Block: Other             |       |    10 |       |       ||    10

Table legend: (Time is in decaauts)
 A = Elapsed time spent in this place.
 B = Non-inter-level travel time spent in this place.
 C = Inter-level travel time spent in this place.
 D = Time resting spent in this place.
 E = Time spent auto-exploring this place.
 F = Levels seen in this place.
 G = Mean time per level.
                   A        B        C        D        E       F      G
               +--------+--------+--------+--------+--------+-----+--------+
         Total |  13245 |  11869 |   1376 |   2644 |   6400 |  15 |  883.0 |
       Dungeon |   7878 |   7104 |    774 |   1168 |   4311 |   9 |  875.3 |
        Temple |    146 |    146 |      0 |      0 |      0 |   1 |  146.0 |
          Lair |   5218 |   4617 |    601 |   1476 |   2089 |   4 | 1304.5 |
         Swamp |      1 |      1 |      0 |      0 |      0 |   1 |    1.0 |
               +--------+--------+--------+--------+--------+-----+--------+

Top non-repeatable levels by time:
  Lair:2: 1700 daAuts
     D:5: 1678 daAuts
     D:8: 1641 daAuts
  Lair:3: 1614 daAuts
     D:6: 1411 daAuts
  Lair:1: 1282 daAuts
     D:3: 896 daAuts
     D:2: 834 daAuts
     D:4: 793 daAuts
  Lair:4: 622 daAuts
     D:1: 441 daAuts
  Temple: 146 daAuts
     D:7: 119 daAuts
     D:9: 61 daAuts
 Swamp:1: 1 daAuts
